 Dungeon Crawl Stone Soup version 0.25-a0-796-gd415a3ffb0 (webtiles) character file.

Game seed: 2772205823103250982, levelgen mode: deterministic

3469 tilp the Quickloader (level 10, -2/60 HPs)
             Began as a Kobold Arcane Marksman on Apr 18, 2020.
             Was an Elder of Okawaru.
             Slain by a troll (13 damage)
             ... on level 9 of the Dungeon.
             The game lasted 00:26:30 (10907 turns).

tilp the Quickloader (Kobold Arcane Marksman)      Turns: 10907, Time: 00:26:31

Health: -2/60      AC:  1    Str: 24    XL:     10   Next: 27%
Magic:  4/4        EV: 19    Int: 17    God:    Okawaru [****..]
Gold:   181        SH:  0    Dex: 20    Spells: 4/13 levels left

rFire    + + .     SeeInvis .   b - +10 flail "Jeitraes" {antimagic, rF+}
rCold    x . .     Gourm    .   (shield restricted)
rNeg     . . .     Faith    .   s - +0 leather armour
rPois    .         Spirit   .   f - +0 helmet
rElec    +         Reflect  .   (no cloak)
rCorr    .         Harm     .   o - +0 pair of gloves {archery}
MR       .....                  (no boots)
Stlth    +++.......             J - amulet of regeneration
HPRegen  0.60/turn              P - ring "Dohek" {rElec Str+5 Dex+2}
MPRegen  0.09/turn              T - ring of Moderation {Fire *Corrode Str+8 Int+2 Dex+3}

@: corroded
A: small, carnivore
a: Heroism, Renounce Religion


You were on level 9 of the Dungeon.
You worshipped Okawaru.
Okawaru was greatly pleased with you.
You were completely stuffed.

You visited 1 branch of the dungeon, and saw 9 of its levels.

You collected 1450 gold pieces.
You spent 1269 gold pieces at shops.

Inventory:

Hand Weapons
 a - the +5 arbalest of Okawaru's Regard {elec, rC- Int+5}
   (You acquired it on level 6 of the Dungeon)

   It charges the ammunition it shoots with electricity; occasionally upon a
   hit, such missiles may discharge and cause terrible harm.
   It affects your intelligence (+5).
   It makes you vulnerable to cold.
 b - the +10 flail "Jeitraes" (weapon) {antimagic, rF+}
   (You bought it in a shop on level 5 of the Dungeon)

   It reduces the magical energy of the wielder, and disrupts the spells and
   magical abilities of those hit.
   Natural abilities and divine invocations are not affected.
   It protects you from fire.
 G - a +1 hand crossbow
Missiles
 d - 12 bolts
 w - 31 poisoned darts (quivered)
 S - 8 boomerangs
Armour
 f - a +0 helmet (worn)
 o - a +0 pair of gloves of archery (worn)
 s - a +0 leather armour (worn)
 F - a +0 buckler
Jewellery
 k - a +6 ring of intelligence
 z - an uncursed ring of see invisible
 J - an amulet of regeneration (around neck)
 P - the ring "Dohek" (left hand) {rElec Str+5 Dex+2}
   (You acquired it on level 6 of the Dungeon)

   [ring of dexterity]

   It affects your strength (+5).
   It affects your dexterity (+2).
   It insulates you from electricity.
 Q - an uncursed ring of protection from magic
 T - the ring of Moderation (right hand) {Fire *Corrode Str+8 Int+2 Dex+3}
   (You bought it in a shop on level 4 of the Dungeon)

   [ring of fire]

   It enhances your fire magic.
   It affects your strength (+8).
   It affects your intelligence (+2).
   It affects your dexterity (+3).
   It protects you from fire.
   It makes you vulnerable to cold.
   It may corrode you when you take damage.
 U - an uncursed ring of protection from cold
Wands
 e - a wand of iceblast (10)
 E - a wand of polymorph (4)
 O - a wand of digging (6)
 R - a wand of acid (7)
Scrolls
 h - 8 scrolls of remove curse
 q - 9 scrolls of teleportation
 r - a scroll of fear {unknown}
 u - a scroll of blinking {unknown}
 y - a scroll of amnesia
 A - a scroll of immolation
 B - 4 scrolls of fog
 L - 3 scrolls of enchant weapon
Potions
 i - 2 potions of heal wounds
 j - 4 potions of brilliance
 l - a potion of haste
 m - a potion of degeneration {unknown}
 n - a potion of experience {unknown}
 p - 3 potions of curing {unknown}
 t - 3 potions of stabbing
 v - 2 potions of mutation
 x - 3 potions of lignification
 C - 2 potions of invisibility {unknown}
 D - 3 potions of flight {unknown}
 I - a potion of cancellation {unknown}
 N - a potion of berserk rage {unknown}
Comestibles
 c - 18 rations


   Skills:
 - Level 6.0 Fighting
 + Level 4.1 Maces & Flails
 + Level 8.3 Crossbows
 - Level 6.0 Dodging
 - Level 4.5 Stealth
 - Level 2.4 Spellcasting
 - Level 6.0 Hexes
 - Level 6.1 Invocations


You had 4 spell levels left.
You knew the following spells:

 Your Spells              Type           Power        Failure   Level  Hunger
a - Corona                Hex            ###....      1%          1    #......
b - Slow                  Hex            ###.....     2%          2    ##.....
c - Portal Projectile     Hex/Tloc       ##....       19%         3    ###....
d - Inner Flame           Hex/Fire       ###.....     19%         3    ###....

Your spell library contained the following spells:

 Spells                   Type           Power        Failure   Level  Hunger
 Cause Fear               Hex            ###.......   17%         4    #####..
 Leda's Liquefaction      Hex/Erth       ##........   52%         4    #####..


Dungeon Overview and Level Annotations

Branches:
Dungeon (9/15)             Temple (0/1) D:6
   Lair: D:8-11         Orc: D:9-12

Altars:
Hepliaklqana
Okawaru
Qazlal
Ru
Vehumet
Wu Jian
Xom

Shops:
D:4 [=   D:5 (*(

Annotations:
D:7 exclusion: crimson imp, Dowan, Duvessa, Joseph, Maggie
D:8 exclusion: death yak


Innate Abilities, Weirdness & Mutations

You are small and have problems with some larger weapons.
You are carnivorous and can eat meat at any time.


Message History

The troll closely misses you. The shadow imp misses you.
You hit the troll.
The troll is almost dead.
The troll completely misses you. The troll claws you.
* * * LOW HITPOINT WARNING * * *
The troll completely misses you. The shadow imp barely misses you.
The troll completely misses you. The troll claws you.
* * * LOW HITPOINT WARNING * * *
The troll completely misses you.
You barely miss the troll.
The troll is almost dead.
The shadow imp hits you.
* * * LOW HITPOINT WARNING * * *
The troll closely misses you. x3
Unknown command.
You closely miss the troll.
The troll is almost dead.
The shadow imp barely misses you. The troll barely misses you.
The troll claws you!
You die...

##.## ##.. ...##...#.
.......... ........# #
........# .....
#.###........ ....[
#....5(.....# .....
#T@....... .....
#........# .....
#####......### ....
#...#...#### #
#........# #.....##.#
######## #.....##.#
#.....## #...#.##..
####.......
#...#.###>###..........


You could see a troll and a shadow imp.

Vanquished Creatures
  Pikel (D:6)
  A wyvern (D:8)
  Edmund (D:6)
  An ice beast (D:9)
  2 sky beasts (D:5)
  3 centaurs
  3 ogres
  A crocodile (D:7)
  A bullfrog (D:6)
  7 scorpions
  A centaur zombie (D:7)
  A howler monkey (D:6)
  3 crimson imps
  2 quasits
  2 bullfrog zombies
  An orc priest (D:7)
  A gnoll shaman (D:5)
  10 hounds
  2 bullfrog skeletons
  3 orc wizards
  Jessica (D:3)
  6 iguanas
  5 worker ants
  11 gnolls
  A howler monkey skeleton (D:8)
  10 adders
  A shadow imp (D:8)
  4 oozes
  An adder zombie (D:9)
  An adder skeleton (D:4)
  2 worms
  3 leopard geckos
  19 orcs
  8 giant cockroaches
  9 goblins
  11 hobgoblins
  9 jackals
  7 kobolds
  3 quokkas
  2 ball pythons
  6 bats
  9 frilled lizards
  A leopard gecko skeleton (D:8)
  7 rats
184 creatures vanquished.

Vanquished Creatures (others)
  A slave (D:6)
  A centaur (D:6)
  A hound (D:6)
  A quokka (D:6)
4 creatures vanquished.

Grand Total: 188 creatures vanquished

Notes
Turn   | Place    | Note
-------+----------+-------------------------------------------
     0 | D:1      | tilp the Kobold Arcane Marksman began the quest for the
                  | Orb.
     0 | D:1      | Reached XP level 1. HP: 12/12 MP: 2/2
    46 | D:1      | Reached skill level 3 in Crossbows
   129 | D:1      | Reached XP level 2. HP: 14/16 MP: 3/3
   133 | D:1      | Learned a level 2 spell: Slow
   779 | D:1      | Reached skill level 4 in Crossbows
   779 | D:1      | Reached XP level 3. HP: 20/20 MP: 4/4
  1324 | D:2      | Reached XP level 4. HP: 25/25 MP: 5/5
  1344 | D:2      | Reached skill level 5 in Crossbows
  1635 | D:2      | HP: 1/25 [goblin/+0 dagger (3)]
  2487 | D:2      | Reached XP level 5. HP: 29/29 MP: 6/6
  2796 | D:3      | Reached skill level 6 in Crossbows
  2926 | D:3      | Found an iron altar of Okawaru.
  3477 | D:3      | Found a hazy altar of Hepliaklqana.
  3495 | D:3      | Noticed Jessica
  3507 | D:3      | Killed Jessica
  3821 | D:3      | Reached XP level 6. HP: 37/37 MP: 7/7
  3824 | D:3      | Became a worshipper of Warmaster Okawaru
  4398 | D:4      | Reached skill level 1 in Invocations
  4415 | D:4      | Found Wuhikluh's Jewellery Emporium.
  4637 | D:4      | Found Naukus's Antique Armour Shop.
  4724 | D:4      | Reached XP level 7. HP: 43/43 MP: 7/9
  5240 | D:5      | Entered Level 5 of the Dungeon
  5240 | D:5      | Found Nopan's General Store.
  5367 | D:5      | Reached * piety under Okawaru
  5449 | D:5      | Reached skill level 5 in Invocations
  5693 | D:5      | Found Kaexiemm's Antique Weapon Shoppe.
  5772 | D:5      | Reached XP level 8. HP: 48/48 MP: 12/12
  5947 | D:5      | Found Daelod's Antique Weapon Shoppe.
  6032 | D:5      | Reached ** piety under Okawaru
  6047 | D:5      | Reached skill level 5 in Hexes
  6836 | D:6      | Found a staircase to the Ecumenical Temple.
  7064 | D:6      | Reached skill level 1 in Stealth
  7093 | D:6      | Noticed Pikel
  7287 | D:6      | Reached XP level 9. HP: 45/52 MP: 13/13
  7571 | D:6      | Killed Pikel
  7571 | D:6      | Reached *** piety under Okawaru
  7571 | D:6      | Reached skill level 5 in Fighting
  8453 | D:6      | Found a shimmering blue altar of Sif Muna.
  8455 | D:6      | Found a stormy altar of Qazlal.
  8455 | D:6      | Found a shimmering altar of Xom.
  8455 | D:6      | Noticed Edmund
  8465 | D:6      | Killed Edmund
  8465 | D:6      | Reached skill level 5 in Dodging
  8474 | D:6      | Found a sparkling altar of Nemelex Xobeh.
  8474 | D:6      | Found an ornate altar of the Wu Jian Council.
  8474 | D:6      | Found a radiant altar of Vehumet.
  8501 | D:6      | Learned a level 3 spell: Portal Projectile
  8505 | D:6      | Learned a level 3 spell: Inner Flame
  8576 | D:5      | Bought a fine flail for 297 gold pieces
  8576 | D:5      | Identified the +10 flail "Jeitraes" {antimagic, rF+} (You
                  | bought it in a shop on level 5 of the Dungeon)
  9055 | D:7      | Noticed Maggie
  9162 | D:7      | Reached skill level 1 in Maces & Flails
  9511 | D:7      | Reached skill level 7 in Crossbows
  9511 | D:7      | Reached XP level 10. HP: 56/60 MP: 4/14
  9659 | D:7      | Noticed Joseph
  9874 | D:7      | Noticed Duvessa
  9874 | D:7      | Noticed Dowan
  9936 | D:6      | Identified 3 scrolls of acquirement
  9936 | D:6      | Identified Sif Muna's Handbook of the Blaze and Beguiling
                  | (You acquired it on level 6 of the Dungeon)
  9937 | D:6      | Identified the +5 arbalest of Okawaru's Regard {elec, rC-
                  | Int+5} (You acquired it on level 6 of the Dungeon)
  9938 | D:6      | Identified the ring "Dohek" {rElec Str+5 Dex+2} (You
                  | acquired it on level 6 of the Dungeon)
  9997 | D:4      | Bought the ring of Moderation {Fire *Corrode Str+8 Int+2
                  | Dex+3} for 644 gold pieces
  9997 | D:4      | Bought an uncursed ring of protection from cold for 300
                  | gold pieces
 10050 | D:5      | Bought a scroll of identify for 28 gold pieces
 10192 | D:8      | Reached **** piety under Okawaru
 10196 | D:8      | Found a radiant altar of Vehumet.
 10253 | D:8      | Found a sacrificial altar of Ru.
 10767 | D:8      | Reached skill level 8 in Crossbows
 10769 | D:8      | Noticed a death yak
 10907 | D:9      | Slain by a troll

Levels and vault maps discovered:
D:1:      onia_arrival_mini_maze_b, layout_basic, chequers_hall_statues_y,
          minmay_tromino_i2
D:2:      layout_basic, first_ration
D:3:      layout_basic, lemuel_doored_altar, okawaru_ov_weapons_minmay,
          bh_walls_and_bars, uniq_jessica
D:4:      minmay_chambers_of_twos, layout_rooms, serial_shops, kennysheep_mini,
          shop, chequers_serial_rivers_large_b
D:5:      layout_gridville, serial_shops, nicolae_shop_overgrown_old_shop,
          kennysheep_mini_moat, nicolae_shop_crystal
D:6:      layout_loops_ring, minmay_temple_entry_arrows, doesnt_xom_only_xom,
          uniq_edmund, uniq_pikel
D:7:      minmay_the_grid_square_5x5_3x3
          [minmay_the_grid_square_5x5_pentomino_r,
          minmay_the_grid_square_5x5_comb, minmay_the_grid_square_5x5_longway,
          minmay_the_grid_square_5x5_n,
          minmay_the_grid_square_5x5_megaprize_hollow,
          minmay_the_grid_square_5x5_shuriken,
          minmay_the_grid_square_5x5_sharp_hourglass,
          minmay_the_grid_square_5x5_hourglass, minmay_the_grid_square_5x5_six],
          layout_loops_corners, lemuel_round_altar, uniq_maggie, uniq_joseph,
          uniq_duvessa
D:8:      layout_basic, vehumet_crystals, old_standard_altar, dpeg_lair_monsters
D:9:      layout_rooms, lemuel_round_altar

Skill      XL: |  1  2  3  4  5  6  7  8  9 10 |
---------------+-------------------------------+-----
Crossbows      | 3 4 5 6 7 8 |  8.3
Fighting       | 3 4 6 |  6.0
Invocations    | 3 6 |  6.1
Spellcasting   | 2 |  2.4
Hexes          | 6 |  6.0
Stealth        | 2 4 |  4.5
Dodging        | 3 6 |  6.0
Maces & Flails | 2 4 |  4.1

Action                   |  1- 3 |  4- 6 |  7- 9 | 10-12 || total
-------------------------+-------+-------+-------+-------++-------
Melee: Spear             |   104 |   121 |       |       ||   225
       Dagger            |       |    59 |    92 |       ||   151
       Flail             |       |       |    76 |    63 ||   139
 Fire: Hand crossbow     |    24 |    95 |   152 |     1 ||   272
       Arbalest          |       |       |       |     4 ||     4
Throw: Dart              |       |       |     7 |       ||     7
 Cast: Corona            |       |     7 |     1 |       ||     8
       Slow              |       |       |     1 |       ||     1
Invok: Heroism           |       |       |     3 |       ||     3
  Use: Scroll            |     1 |     3 |     8 |     5 ||    17
       Potion            |       |     1 |     1 |       ||     2
 Stab: Sleeping          |     2 |     1 |     3 |     3 ||     9
  Eat: Chunk             |    10 |    11 |    15 |     4 ||    40
Armor: Robe              |    22 |    24 |       |       ||    46
       Leather armour    |       |    19 |    18 |    14 ||    51
Dodge: Dodged            |    92 |   151 |   175 |   104 ||   522

Table legend:
 A = Non-vault XP
 B = Vault XP
 C = Vault XP percentage of total XP
 D = Non-vault monster count
 E = Vault monster count
 F = Vault count percentage of total count
                 A         B        C        D         E       F
            +---------+---------+-------+---------+---------+-------
      Total |    3192 |    1765 |  35.6 |     161 |      23 |  12.5
            +---------+---------+-------+---------+---------+-------
        D:1 |      36 |       3 |   7.7 |      22 |       2 |   8.3
        D:2 |     100 |       0 |   0.0 |      21 |       0 |   0.0
        D:3 |     116 |      37 |  24.2 |      27 |       1 |   3.6
        D:4 |     214 |     151 |  41.4 |      22 |       5 |  18.5
        D:5 |    1090 |       0 |   0.0 |      27 |       0 |   0.0
        D:6 |     406 |     851 |  67.7 |       9 |       2 |  18.2
        D:7 |     287 |     723 |  71.6 |      14 |      13 |  48.1
        D:8 |     679 |       0 |   0.0 |      14 |       0 |   0.0
        D:9 |     264 |       0 |   0.0 |       5 |       0 |   0.0
            +---------+---------+-------+---------+---------+-------
